[Event "*** Titled Tuesday Blitz"]
[Site "Chess.com"]
[Date "2020.04.28"]
[Round "9"]
[White "Anton_Demchenko"]
[Black "theblitzchamp"]
[Result "1-0"]
[WhiteElo "2851"]
[BlackElo "2683"]
[TimeControl "180+1"]
[EndTime "11:43:16 PDT"]
[Termination "Anton_Demchenko won by resignation"]

1. d4 Nf6 2. Nf3 g6 3. Bf4 Bg7 4. c3 O-O 5. Nbd2 d5 6. e3 c5 7. h3 Nc6 8. Be2 Nxd4 9. cxd4 cxd4 10. exd4 Ne4 11. O-O Bf5 12. Be3 Rc8 13. Rc1 Qd7 14.
Qb3 Bxh3 15. Rxc8 Rxc8 16. gxh3 Qxh3 17. Nxe4 dxe4 18. Qxf7+ Kh8 19. Ng5 Qd7 20. Ne6 Bf6 21. Nf8 Qh3 22. Qe6 Qh4 23. Qxc8 Be5 24. Nxg6+ Kg7 25.
Nxh4 1-0

[Event "*** Titled Tuesday Blitz"]
[Site "Chess.com"]
[Date "2020.04.28"]
[Round "9"]
[White "Saloni1299"]
[Black "Feegus"]
[Result "0-1"]
[WhiteElo "2333"]
[BlackElo "2480"]
[TimeControl "180+1"]
[EndTime "11:43:17 PDT"]
[Termination "Feegus won by resignation"]

1. e4 e6 2. d4 d5 3. Nc3 Nf6 4. e5 Nfd7 5. f4 c5 6. Nf3 Nc6 7. Be3 cxd4 8. Nxd4 Bc5 9. Qd2 O-O 10. O-O-O a6 11. Kb1 Nxd4 12. Bxd4 b5 13. g4 b4 14. Na4 Bxd4 15. Qxd4 a5 16. Bd3 Ba6 17. f5 Qc7 18. Rhf1 Qxe5 19. Qxe5 Nxe5 20. Bxa6 Rxa6 21. fxe6 fxe6 22.
Rxf8+ Kxf8 23. Re1 Nxg4 24. Nc5 Rd6 25. Nxe6+ Kf7 26. Ng5+ Kg6 27. Nf3 Rf6 28. Rg1 Rxf3 29. Rxg4+ Kf6 30. Rg1 g5 31. b3 h5 32. Rg2 g4 33. a4 Kf5 34. Kc1 Kf4 35. Kd2 h4 36. Ke2 g3 37. hxg3+ hxg3 38. Rg1 Rc3 39. Kd2 Kf3 40.
Rf1+ Kg2 41. Rf8 Kg1 42. Rf5 g2 43. Rxd5 Kh2 44. Rh5+ Rh3 45. Rg5 g1=Q 0-1

[Event "*** Titled Tuesday Blitz"]
[Site "Chess.com"]
[Date "2020.04.28"]
[Round "9"]
[White "Tall-guy"]
[Black "realmadridtv"]
[Result "0-1"]
[WhiteElo "2124"]
[BlackElo "2311"]
[TimeControl "180+1"]
[EndTime "11:43:18 PDT"]
[Termination "realmadridtv won by resignation"]

1. e4 e5 2. Nf3 Nc6 3. Bc4 Bc5 4. c3 Nf6 5. d4 exd4 6. e5 d5 7. Bb5 Ne4 8. cxd4 Bb6 9. Nc3 O-O 10. Be3 Bg4 11. h3 Bxf3 12. gxf3 Ng5 13. Rg1 Ne6 14.
Bh6 Ncxd4 15. Qd3 Qh4 16. Be3 Nxf3+ 17. Ke2 Nxg1+ 18. Rxg1 d4 19. Ne4 dxe3 20. Rg4 Qxg4+ 0-1

[Event "*** Titled Tuesday Blitz"]
[Site "Chess.com"]
[Date "2020.04.28"]
[Round "9"]
[White "Justinz"]
[Black "Igor_Lysyj"]
[Result "0-1"]
[WhiteElo "2274"]
[BlackElo "2771"]
[TimeControl "180+1"]
[EndTime "11:43:21 PDT"]
[Termination "Igor_Lysyj won by resignation"]

1. e4 e5 2. Nf3 Nc6 3. Nc3 Nf6 4. Bb5 Bc5 5. Nxe5 Nxe5 6. d4 Bd6 7. f4 Nc6 8. e5 Bb4 9. exf6 Qxf6 10. a3 Bxc3+ 11. bxc3 d5 12. O-O Bf5 13. Re1+ Be4 14. c4 O-O 15.
cxd5 Bxd5 16. c4 Qxd4+ 17. Qxd4 Nxd4 18. cxd5 Nxb5 19. a4 Nc3 20. Ba3 Rfe8 21. d6 Rxe1+ 22. Rxe1 cxd6 23. Re7 b6 24. a5 bxa5 25. Bxd6 Nb5 26.
Be5 f6 27. Bb2 a4 28. Rb7 a6 29. g4 a3 30. Bc1 Rc8 0-1

[Event "*** Titled Tuesday Blitz"]
[Site "Chess.com"]
[Date "2020.04.28"]
[Round "9"]
[White "Eliwood44"]
[Black "TudorAnton"]
[Result "0-1"]
[WhiteElo "2337"]
[BlackElo "2525"]
[TimeControl "180+1"]
[EndTime "11:43:21 PDT"]
[Termination "TudorAnton won by checkmate"]

1. d4 Nf6 2. Nf3 d5 3. c4 e6 4. g3 Bb4+ 5. Bd2 Be7 6. Bg2 O-O 7. O-O c6 8. Qc2 b6 9. Nc3 Ba6 10. Ne5 Bxc4 11. Nxc4 dxc4 12. Rad1 b5 13. Nxb5 cxb5 14. Bxa8 Qxd4 15. Be3 Qe5 16. Bxa7 Nbd7 17. Bg2 h5 18.
Bd4 Qg5 19. Bc6 h4 20. Be3 Qh5 21. Bxd7 hxg3 22. hxg3 Ng4 23. Rfe1 Qh2+ 24. Kf1 Qh1# 0-1

[Event "*** Titled Tuesday Blitz"]
[Site "Chess.com"]
[Date "2020.04.28"]
[Round "9"]
[White "ALEXJR20"]
[Black "rynos0411"]
[Result "0-1"]
[WhiteElo "2208"]
[BlackElo "2368"]
[TimeControl "180+1"]
[EndTime "11:43:22 PDT"]
[Termination "rynos0411 won by resignation"]

1. d4 Nf6 2. c4 e6 3. Nf3 d5 4. g3 Bb4+ 5. Bd2 Be7 6. Bg2 O-O 7. O-O c6 8. Qc2 dxc4 9. Rd1 b5 10. a4 Bb7 11.
Bf4 Nbd7 12. Ne5 Qc8 13. b3 cxb3 14. Qxb3 a6 15. Rc1 Nxe5 16. Bxe5 Qd7 17. Nd2 Rfc8 18.
axb5 cxb5 19. Rxc8+ Rxc8 20. e4 Ng4 21. f4 Nxe5 22. fxe5 Qxd4+ 0-1

[Event "*** Titled Tuesday Blitz"]
[Site "Chess.com"]
[Date "2020.04.28"]
[Round "9"]
[White "Vice64"]
[Black "JSMastropiero"]
[Result "1-0"]
[WhiteElo "2608"]
[BlackElo "2445"]
[TimeControl "180+1"]
[EndTime "11:43:30 PDT"]
[Termination "Vice64 won by resignation"]

1. e4 e5 2. Nf3 Nc6 3. d4 exd4 4.
c3 Nf6 5. e5 Nd5 6. Bc4 Nb6 7.
Bb3 d5 8. cxd4 Bb4+ 9. Nc3 O-O 10. O-O Bg4 11. Be3 Nc4 12. Qe2 Nxe3 13. fxe3 Ne7 14. h3 Bh5 15. a3 Bxc3 16. bxc3 Bg6 17. Rf2 c5 18. Raf1 c4 19. Bc2 Qa5 20. Bxg6 fxg6 21.
Qb2 b5 22. Ng5 h6 23. Ne6 Rxf2 24. Qxf2 Nf5 25. g4 Qb6 26. gxf5 gxf5 27. Qxf5 1-0

[Event "*** Titled Tuesday Blitz"]
[Site "Chess.com"]
[Date "2020.04.28"]
[Round "9"]
[White "suyu28"]
[Black "maziarbagheri"]
[Result "1-0"]
[WhiteElo "2598"]
[BlackElo "2422"]
[TimeControl "180+1"]
[EndTime "11:43:33 PDT"]
[Termination "suyu28 won by resignation"]

1. d4 d5 2. c4 c6 3. Nf3 Nf6 4. e3 e6 5. b3 Nbd7 6. Bb2 Bd6 7. Bd3 O-O 8. Nbd2 Re8 9. Ne5 Qe7 10. a3 c5 11. O-O b6 12. Qc2 Bb7 13. Nxd7 Qxd7 14.
dxc5 Bxc5 15. Bxf6 gxf6 16. Bxh7+ Kg7 17. cxd5 Bxd5 18. Be4 Rac8 19. Qd3 Rh8 20. Bxd5 exd5 21. Nf3 Bd6 22. Rad1 Bxa3 23. Qxd5 Qxd5 24. Rxd5 Rhd8 25. Rxd8 Rxd8 26. Ra1 a5 27. Kf1 Bc5 28. Ke2 f5 29. Rd1 Ra8 30. Rd5 Kf6 31. Nh4 Ke6 32. Rxf5 Rh8 33.
Rf4 b5 34. Nf3 Bd6 35. Ng5+ Kd5 36. Rd4+ Kc5 37. Ne4+ 1-0

[Event "*** Titled Tuesday Blitz"]
[Site "Chess.com"]
[Date "2020.04.28"]
[Round "9"]
[White "djano"]
[Black "freshfoodcompany"]
[Result "0-1"]
[WhiteElo "2440"]
[BlackElo "2246"]
[TimeControl "180+1"]
[EndTime "11:43:33 PDT"]
[Termination "freshfoodcompany won by resignation"]

1. d4 d5 2. Bf4 Nf6 3. e3 c5 4. c3 Nc6 5. Nd2 Bf5 6. Ngf3 cxd4 7. exd4 e6 8. Bb5 Bd6 9. Bxc6+ bxc6 10. Be5 Bxe5 11.
Nxe5 Qc7 12. Qa4 Rc8 13. O-O O-O 14. Rfe1 c5 15. Ndf3 Ne4 16. dxc5 Nxc5 17. Qd4 f6 18. Ng4 Nd3 19. Re2 Nf4 20. Re3 Bxg4 21. Nd2 e5 22. Qa4 Qd7 23. Qa6 Rc6 24. Qf1 Be6 25. g3 Nh3+ 26. Kg2 d4 27. cxd4 exd4 28. Rf3 Ng5 29. Rf4 Bh3+ 0-1

[Event "*** Titled Tuesday Blitz"]
[Site "Chess.com"]
[Date "2020.04.28"]
[Round "9"]
[White "Shivagami"]
[Black "WonderChampion"]
[Result "1-0"]
[WhiteElo "2118"]
[BlackElo "1813"]
[TimeControl "180+1"]
[EndTime "11:43:33 PDT"]
[Termination "Shivagami won by resignation"]

1. d4 d5 2. Bf4 Nf6 3. e3 e6 4. Nd2 c5 5. c3 Nc6 6. Ngf3 Be7 7. Ne5 O-O 8. Bd3 Bd7 9. g4 h6 10. g5 hxg5 11. Bxg5 Nh7 12. Qh5 Nxg5 13. h4 Nxe5 14. hxg5 Nxd3+ 15. Ke2 Nf4+ 16. exf4 f6 17. g6 Bb5+ 18.
Ke1 1-0

[Event "*** Titled Tuesday Blitz"]
[Site "Chess.com"]
[Date "2020.04.28"]
[Round "9"]
[White "JoakimVonAnd"]
[Black "GMartin_Petrov"]
[Result "0-1"]
[WhiteElo "2508"]
[BlackElo "2673"]
[TimeControl "180+1"]
[EndTime "11:43:37 PDT"]
[Termination "GMartin_Petrov won by checkmate"]

1. d4 Nf6 2. c4 e6 3. Nc3 d5 4. cxd5 exd5 5. Bg5 c6 6. e3 Be7 7. Qc2 h6 8. Bh4 O-O 9. Bd3 Re8 10. Nge2 Nbd7 11.
O-O Nf8 12. Rab1 a5 13. a3 Ne4 14. Bxe7 Qxe7 15. b4 axb4 16. axb4 Ng6 17. b5 Nxc3 18. Nxc3 Nh4 19. bxc6 bxc6 20. Rfc1 Qg5 21. Bf1 Bf5 22. Qe2 Bxb1 23. Nxb1 Ra1 24. Qb2 Rea8 25. Nd2 Rxc1 26. Qxc1 Ra2 27. Nb3 Nf3+ 28. Kh1 Qh4 29. h3 Qxf2 30.
Bd3 Qxg2# 0-1

[Event "*** Titled Tuesday Blitz"]
[Site "Chess.com"]
[Date "2020.04.28"]
[Round "9"]
[White "SHIVACalypso"]
[Black "2346PL"]
[Result "1-0"]
[WhiteElo "2292"]
[BlackElo "2453"]
[TimeControl "180+1"]
[EndTime "11:43:39 PDT"]
[Termination "SHIVACalypso won by resignation"]

1. Nf3 c5 2. c4 Nf6 3. g3 Nc6 4. Bg2 g6 5. O-O Bg7 6. Nc3 O-O 7.
d3 d6 8. Rb1 e5 9. a3 a5 10. Ne1 Nh5 11. Nc2 f5 12. b4 axb4 13.
axb4 e4 14. Nd5 Nd4 15. Bb2 exd3 16. Qxd3 Nxc2 17. Qxc2 f4 18. Bxg7 Nxg7 19. Qb2 fxg3 20. fxg3 Bf5 21. e4 Be6 22. bxc5 dxc5 23. Qxb7 Qd6 24.
Rb6 Qxd5 25. exd5 1-0

[Event "*** Titled Tuesday Blitz"]
[Site "Chess.com"]
[Date "2020.04.28"]
[Round "9"]
[White "Cocaino74"]
[Black "CMS13"]
[Result "1/2-1/2"]
[WhiteElo "2327"]
[BlackElo "2165"]
[TimeControl "180+1"]
[EndTime "11:43:40 PDT"]
[Termination "Game drawn by agreement"]

1. e4 e5 2. Nf3 Nc6 3. Bc4 Nf6 4. Ng5 d5 5. exd5 Na5 6. Bb5+ c6 7. dxc6 bxc6 8.
Bd3 h6 9. Ne4 Nd5 10. Ng3 Bd6 11. O-O O-O 12. Nc3 f5 13. Nxd5 cxd5 14. Be2 f4 15. Nh5 g6 16. d4 gxh5 17. dxe5 Bxe5 18. Bxh5 Kh8 19. Re1 Nc6 20. Bf3 Be6 21. c4 1/2-1/2

[Event "*** Titled Tuesday Blitz"]
[Site "Chess.com"]
[Date "2020.04.28"]
[Round "9"]
[White "Rodalquilar"]
[Black "tigra"]
[Result "1-0"]
[WhiteElo "2633"]
[BlackElo "2762"]
[TimeControl "180+1"]
[EndTime "11:43:41 PDT"]
[Termination "Rodalquilar won by resignation"]

1. d4 Nf6 2. c4 g6 3. Nc3 d5 4.
cxd5 Nxd5 5. Bd2 Bg7 6. e4 Nxc3 7. Bxc3 Nd7 8. Qd2 O-O 9. h4 c5 10. d5 Nf6 11. f3 e5 12. g4 Ne8 13. h5 Nd6 14. hxg6 fxg6 15. Qh2 h6 16. Bxe5 Qa5+ 17.
Kd1 Nxe4 18. Bxg7 Kxg7 19. Qxh6+ Kf7 20. fxe4 Qa4+ 21. Kc1 Qxe4 22. Ne2 Bxg4 23. Qf4+ Qxf4+ 24. Nxf4 g5 1-0

[Event "*** Titled Tuesday Blitz"]
[Site "Chess.com"]
[Date "2020.04.28"]
[Round "9"]
[White "murtas73"]
[Black "Aureliano-Buendia"]
[Result "1-0"]
[WhiteElo "2607"]
[BlackElo "2443"]
[TimeControl "180+1"]
[EndTime "11:43:42 PDT"]
[Termination "murtas73 won by resignation"]

1. d4 d5 2. c4 c6 3. Nc3 Nf6 4. e3 a6 5. Nf3 b5 6. c5 Bg4 7.
Qb3 Nbd7 8. a4 Bxf3 9. gxf3 e5 10.
axb5 axb5 11. Rxa8 Qxa8 12. Bh3 Be7 13. O-O O-O 14. Bd2 Qb7 15. Ra1 Ra8 16. Ra3 Rxa3 17. Qxa3 b4 18. Qb3 exd4 19. exd4 Bxc5 20. Nxd5 Nxd5 21. dxc5 Nxc5 22. Qc4 Ne6 23. f4 Qb5 24. Qxb5 cxb5 25. f5 Nef4 26. Bf1 Ne7 27. Bxf4 1-0

[Event "*** Titled Tuesday Blitz"]
[Site "Chess.com"]
[Date "2020.04.28"]
[Round "9"]
[White "AlexZambrano"]
[Black "RodinMihail"]
[Result "0-1"]
[WhiteElo "2354"]
[BlackElo "2524"]
[TimeControl "180+1"]
[EndTime "11:43:47 PDT"]
[Termination "RodinMihail won by resignation"]

1. Nf3 d5 2. d4 Nf6 3. g3 c6 4. c4 e6 5. Bg2 Nbd7 6. O-O Bd6 7.
Nc3 dxc4 8. e4 e5 9. a4 a5 10. Qe2 O-O 11. Qxc4 Qe7 12. Bg5 exd4 13. Nxd4 Ne5 14.
Qe2 h6 15. Bxf6 Qxf6 16. h3 Re8 17. Rad1 Bc5 18. Nf3 Nxf3+ 19. Qxf3 Qxf3 20. Bxf3 Bxh3 21. Rfe1 Rad8 22. Kh2 Be6 23. Kg1 Bb3 24. Rxd8 Rxd8 25. Bd1 Bxd1 26. Rxd1 Rxd1+ 27. Nxd1 Bd4 28. Kf1 h5 29. Ke2 g5 30. Kd3 c5 31. Kc4 h4 0-1

[Event "*** Titled Tuesday Blitz"]
[Site "Chess.com"]
[Date "2020.04.28"]
[Round "9"]
[White "AlexOstrovskiy"]
[Black "colegiodemadrid"]
[Result "1-0"]
[WhiteElo "2567"]
[BlackElo "2323"]
[TimeControl "180+1"]
[EndTime "11:43:48 PDT"]
[Termination "AlexOstrovskiy won by resignation"]

1. d4 Nf6 2. Bg5 e6 3. Nd2 h6 4. Bh4 d5 5. e3 b6 6. c3 Be7 7.
Bxf6 Bxf6 8. Bd3 O-O 9. Qe2 a5 10. e4 Ba6 11. Bxa6 Nxa6 12. Ngf3 c5 13. O-O cxd4 14.
cxd4 dxe4 15. Nxe4 Bxd4 16. Rad1 e5 17. Nxe5 Qe8 18.
Nxf7 Rxf7 19. Rxd4 Qe5 20. Rfd1 Nc5 21. Qc4 Re8 22. Nd6 Qe1+ 23. Qf1 Qxf1+ 24. Kxf1 1-0

[Event "*** Titled Tuesday Blitz"]
[Site "Chess.com"]
[Date "2020.04.28"]
[Round "9"]
[White "MaximDlugy"]
[Black "pheonixking2000"]
[Result "0-1"]
[WhiteElo "2910"]
[BlackElo "2829"]
[TimeControl "180+1"]
[EndTime "11:43:52 PDT"]
[Termination "pheonixking2000 won by resignation"]

1. d4 d5 2. Bf4 Nf6 3. e3 c5 4. dxc5 Nc6 5. Bb5 e6 6. b4 a5 7. c3 Ne4 8. Ne2 Bd7 9. Nd2 axb4 10. Nxe4 dxe4 11. Bxc6 Bxc6 12. Qxd8+ Rxd8 13. cxb4 f6 14. a4 e5 15. Bg3 Rd3 16. O-O h5 17. h4 Be7 18.
Rfc1 Kf7 19. b5 Bd7 20. c6 bxc6 21. bxc6 Be6 22. a5 Ra8 23. Nc3 Bb4 24. Nxe4 Bd5 25. c7 0-1

[Event "*** Titled Tuesday Blitz"]
[Site "Chess.com"]
[Date "2020.04.28"]
[Round "9"]
[White "isla88"]
[Black "gvanna"]
[Result "0-1"]
[WhiteElo "2312"]
[BlackElo "2457"]
[TimeControl "180+1"]
[EndTime "11:43:56 PDT"]
[Termination "gvanna won by resignation"]

1. d4 d5 2. Nc3 Bf5 3. Bf4 c6 4. f3 h6 5. g4 Bg6 6. h4 Nd7 7. e3 e6 8. Bd3 Bxd3 9. Qxd3 Bb4 10. Ne2 Ne7 11. Kf2 f6 12. Ng3 Qa5 13. e4 O-O-O 14. Nce2 e5 15. Be3 dxe4 16. Nxe4 exd4 17. Nxd4 Ne5 18.
Qb3 Nd5 19. c3 Bc5 20. Nxc5 Qxc5 21. Rad1 Rhe8 22. Rhe1 Nxe3 23. Rxe3 Nc4 24. Rxe8 Rxe8 25. Qb4 Qxb4 26. cxb4 Nxb2 27. Rd2 Nc4 28. Rc2 Ne5 29. Nf5 Rd8 30. Nxg7 Nd3+ 31. Kg3 Nxb4 32. Nf5 Nxc2 0-1

[Event "*** Titled Tuesday Blitz"]
[Site "Chess.com"]
[Date "2020.04.28"]
[Round "9"]
[White "mortngabriel"]
[Black "JLRHei"]
[Result "0-1"]
[WhiteElo "2457"]
[BlackElo "2320"]
[TimeControl "180+1"]
[EndTime "11:44:00 PDT"]
[Termination "JLRHei won on time"]

1. e4 c5 2. Nf3 e6 3. d4 cxd4 4. Nxd4 Nf6 5. Nc3 d6 6. g4 Nc6 7.
g5 Nd7 8. h4 Be7 9. Bh3 Nde5 10.
f4 Nxd4 11. fxe5 dxe5 12. Be3 h6 13. gxh6 Bxh4+ 14. Kf1 Qf6+ 15. Kg2 gxh6 16. Rf1 Rg8+ 17. Kh2 Bg3+ 18. Kh1 Qh4 0-1

[Event "*** Titled Tuesday Blitz"]
[Site "Chess.com"]
[Date "2020.04.28"]
[Round "9"]
[White "Vamostodorecto"]
[Black "canary2016"]
[Result "1-0"]
[WhiteElo "2444"]
[BlackElo "1897"]
[TimeControl "180+1"]
[EndTime "11:44:00 PDT"]
[Termination "Vamostodorecto won by resignation"]

1. d4 d5 2. c4 c6 3. Nc3 Nf6 4. Nf3 e6 5. e3 Nbd7 6. Bd3 dxc4 7. Bxc4 b5 8. Be2 a6 9. e4 c5 10. e5 cxd4 11. Qxd4 Nd5 12. Nxd5 exd5 13. Qxd5 Nb6 14. Qe4 Be7 15. O-O O-O 16. Bd3 g6 17. Qe2 Bb7 18.
Rd1 Qc7 19. e6 Bd5 20. Bh6 Rfd8 21. Rac1 Qb7 22. exf7+ Bxf7 23. Qe5 Bf8 24. Rc7 Qb8 25. Rxf7 Kxf7 26. Ng5+ Kg8 27. Qe6+ 1-0

[Event "*** Titled Tuesday Blitz"]
[Site "Chess.com"]
[Date "2020.04.28"]
[Round "9"]
[White "Kostya26"]
[Black "Xeniya2005"]
[Result "0-1"]
[WhiteElo "2382"]
[BlackElo "2265"]
[TimeControl "180+1"]
[EndTime "11:44:02 PDT"]
[Termination "Xeniya2005 won by resignation"]

1. e4 c5 2. Nf3 Nc6 3. Bb5 g6 4. Bxc6 dxc6 5. d3 Bg7 6. Nc3 Bg4 7. h3 Bxf3 8. Qxf3 Nf6 9. Be3 b6 10. O-O Qc7 11. Qe2 O-O-O 12. f4 Nd7 13. Rad1 e5 14. f5 Rhf8 15. a3 h6 16. b4 cxb4 17. axb4 Nf6 18.
Ra1 Kb7 19. d4 exd4 20. Qa6+ Ka8 21. Na4 dxe3 22. Nxb6+ Kb8 23. Nc4 Nxe4 24. f6 Bxf6 25. Ra3 e2 26. Re1 Bd4+ 27. Kh1 Ng3+ 0-1

[Event "*** Titled Tuesday Blitz"]
[Site "Chess.com"]
[Date "2020.04.28"]
[Round "9"]
[White "woodhy"]
[Black "Marty435"]
[Result "0-1"]
[WhiteElo "2374"]
[BlackElo "2539"]
[TimeControl "180+1"]
[EndTime "11:44:04 PDT"]
[Termination "Marty435 won by checkmate"]

1. e4 c6 2. d4 d5 3. Nc3 dxe4 4. Nxe4 Bf5 5. Ng3 Bg6 6. Nf3 Nd7 7. Bc4 e6 8. h4 h6 9. Bf4 Ngf6 10. c3 Be7 11.
Ne5 Nxe5 12. Bxe5 O-O 13. Qf3 Nd7 14. h5 Nxe5 15. dxe5 Bh7 16. O-O Qa5 17. Rfe1 Rad8 18. b4 Qc7 19. Rad1 Rxd1 20. Rxd1 Qxe5 21. Rd7 Bf6 22.
Rxb7 Qxc3 23. Qxc6 Bd3 24. Rc7 Qe1+ 25. Kh2 Qxf2 26.
Bxd3 Be5 27. Bh7+ Kh8 28. Qc5 Qxg3+ 29. Kg1 Qe1# 0-1

[Event "*** Titled Tuesday Blitz"]
[Site "Chess.com"]
[Date "2020.04.28"]
[Round "9"]
[White "archess2"]
[Black "Sandstad"]
[Result "1-0"]
[WhiteElo "2258"]
[BlackElo "2382"]
[TimeControl "180+1"]
[EndTime "11:44:11 PDT"]
[Termination "archess2 won on time"]

1. d4 Nf6 2. c4 e6 3. Nc3 Bb4 4.
Qc2 O-O 5. e4 d5 6. e5 Ne4 7.
Bd3 c5 8. Ne2 Nc6 9. a3 Bxc3+ 10. bxc3 f5 11. exf6 Qxf6 12. f3 cxd4 13. fxe4 Qf2+ 14. Kd1 Qxg2 15. Rg1 Rf1+ 16. Rxf1 Qxf1+ 17. Kd2 Ne5 18. cxd4 Nf3+ 19. Kc3 dxc4 20. Bxc4 Bd7 21. Bb2 Qf2 22. Qd3 Rc8 23. a4 1-0

[Event "*** Titled Tuesday Blitz"]
[Site "Chess.com"]
[Date "2020.04.28"]
[Round "9"]
[White "BikingBrian"]
[Black "Efremov_Vlad"]
[Result "1-0"]
[WhiteElo "2335"]
[BlackElo "2150"]
[TimeControl "180+1"]
[EndTime "11:44:13 PDT"]
[Termination "BikingBrian won by resignation"]

1. d4 d5 2. Bf4 Nf6 3. e3 c5 4. Nc3 e6 5. Nb5 Na6 6. Nf3 Be7 7. Be2 O-O 8. O-O Bd7 9. a4 Bc6 10. Ne5 Rc8 11. Nxa7 Ra8 12. Naxc6 bxc6 13. Nxc6 Qd7 14. Nxe7+ Qxe7 15. Bf3 Qb7 16. b3 Nd7 17. c4 cxd4 18.
exd4 Nb4 19. c5 Nb8 20. Bd2 N8c6 21. Be2 Rfb8 22. Bb5 h6 23. Bxb4 Nxb4 24. Qd2 Nc6 25. f4 Ne7 26. Rfc1 Nf5 27. g4 Nh4 28. Qf2 Ng6 29. h4 Qc7 30. Rf1 f5 31. h5 Ne7 32. g5 hxg5 33. fxg5 g6 34. h6 Kh7 35. Qe3 Qd7 36. Bxd7 1-0

[Event "*** Titled Tuesday Blitz"]
[Site "Chess.com"]
[Date "2020.04.28"]
[Round "9"]
[White "crossingthestreet"]
[Black "IlzeBerzina"]
[Result "0-1"]
[WhiteElo "2283"]
[BlackElo "2157"]
[TimeControl "180+1"]
[EndTime "11:44:14 PDT"]
[Termination "IlzeBerzina won by resignation"]

1. c4 e5 2. Nc3 Nf6 3. Nf3 Nc6 4. e3 d5 5. cxd5 Nxd5 6. Bb5 Nxc3 7. bxc3 Bd6 8. d4 exd4 9. cxd4 O-O 10. O-O Bg4 11. h3 Bh5 12. Bb2 Qe7 13. Rc1 Nb4 14. Bc4 c6 15. Re1 a5 16. a3 Nd5 17. e4 Nf4 18. e5 Bxa3 19. Bxa3 Qxa3 20. Re3 Qe7 21. Re4 Nd5 22. Rh4 Bxf3 23. Qxf3 Qxh4 24. Bxd5 cxd5 25. Rc7 Qxd4 26. Qf5 a4 27. Rc2 a3 28. Ra2 b5 29. h4 b4 30. h5 h6 31. e6 fxe6 32. Qxe6+ Kh8 33. g4 b3 34. Re2 b2 35. g5 b1=Q+ 36. Kg2 Qbe4+ 37. Rxe4 Qxe4+ 38. Qxe4 dxe4 0-1

[Event "*** Titled Tuesday Blitz"]
[Site "Chess.com"]
[Date "2020.04.28"]
[Round "9"]
[White "ChessQueen"]
[Black "StegariuVlad"]
[Result "1-0"]
[WhiteElo "2729"]
[BlackElo "2527"]
[TimeControl "180+1"]
[EndTime "11:44:19 PDT"]
[Termination "ChessQueen won by resignation"]

1. Nf3 Nf6 2. g3 d5 3. Bg2 Bf5 4. O-O h6 5. c4 c6 6. d3 e6 7. cxd5 exd5 8. Qb3 Qb6 9. Qc2 Be7 10. Nc3 O-O 11. e4 dxe4 12. dxe4 Bh7 13. Be3 Qc7 14. Rfe1 Nbd7 15. Rad1 Rad8 16. Bf4 Qa5 17. a3 Nb8 18.
Nd4 Qb6 19. Be3 Qc7 20. Ncb5 Qa5 21. b4 Qb6 22. Nf5 Qxb5 23. Nxe7+ Kh8 24. Bxa7 Qa6 25. Bc5 Rxd1 26. Qxd1 Re8 27. e5 Nfd7 28. Qb3 Bg8 29. Bd6 Nxe5 30. Bxe5 f6 31. Nxg8 1-0

[Event "*** Titled Tuesday Blitz"]
[Site "Chess.com"]
[Date "2020.04.28"]
[Round "9"]
[White "KrolPawel92OnTwitch"]
[Black "Sanyura"]
[Result "0-1"]
[WhiteElo "2646"]
[BlackElo "2518"]
[TimeControl "180+1"]
[EndTime "11:44:22 PDT"]
[Termination "Sanyura won by checkmate"]

1. b3 Nf6 2. Bb2 g6 3. g3 Bg7 4. Bg2 O-O 5. Nf3 d6 6. O-O Nbd7 7. d4 e5 8. dxe5 Ng4 9. c4 Ngxe5 10. Nd4 a5 11. Nc3 c6 12. Qc2 Nxc4 13. Nxc6 bxc6 14. bxc4 Rb8 15. Rad1 Ne5 16. Na4 Bf5 17. e4 Bg4 18.
f3 Be6 19. c5 Rb4 20. cxd6 Rc4 21. Nc3 Qb6+ 22. Kh1 Rb4 23. Ba1 Nc4 24. f4 Ne3 25. Qd3 Nxf1 26. Rxf1 Bc4 27. Qd2 Bxf1 28. Bxf1 Rb1 29.
Nxb1 Qxb1 30. Qd4 Bxd4 31. Bc3 Qxf1# 0-1

[Event "*** Titled Tuesday Blitz"]
[Site "Chess.com"]
[Date "2020.04.28"]
[Round "9"]
[White "KrakenBeast"]
[Black "AnnaChessLook"]
[Result "1-0"]
[WhiteElo "2423"]
[BlackElo "2270"]
[TimeControl "180+1"]
[EndTime "11:44:23 PDT"]
[Termination "KrakenBeast won by resignation"]

1. e4 c5 2. Nf3 Nc6 3. Bb5 g6 4. Bxc6 dxc6 5. d3 Bg7 6. Nc3 Nf6 7. h3 e5 8. Be3 Nd7 9. Qd2 h6 10. O-O b6 11. Ne2 Nf8 12. Nh2 Ne6 13. Rae1 Nd4 14. b3 g5 15. Ng3 O-O 16. Ng4 f5 17. exf5 Nxf5 18. Nh5 Nxe3 19. Qxe3 Bxg4 20. hxg4 Re8 21.
Qe4 Qd5 22. Qg6 Qf7 23. Qxc6 Rac8 24. Qe4 Rcd8 25. c3 Rd5 26. Re3 Red8 27. Rf3 Qe6 28. g3 R5d6 29. Re1 R8d7 30. Ree3 Bh8 31. Rf5 Rf7 32. Qa8+ Kh7 33. Ref3 Rdd7 34. Qe4 Kg8 35. Rxf7 Rxf7 36. Rf5 Rd7 37. Qa8+ Kh7 38. Qf8 a5 39. Nf6+ Bxf6 40. Rxf6 1-0

[Event "*** Titled Tuesday Blitz"]
[Site "Chess.com"]
[Date "2020.04.28"]
[Round "9"]
[White "CookiesAndIceCream"]
[Black "MarcoCorvi"]
[Result "1-0"]
[WhiteElo "2369"]
[BlackElo "2178"]
[TimeControl "180+1"]
[EndTime "11:44:23 PDT"]
[Termination "CookiesAndIceCream won by resignation"]

1. e4 Nf6 2. e5 Nd5 3. c4 Nb6 4. d4 d6 5. exd6 cxd6 6. Nc3 g6 7. Be3 Bg7 8. Rc1 O-O 9. b3 h6 10. Be2 e5 11. dxe5 dxe5 12. Nf3 Nc6 13. Nd5 Nxd5 14. cxd5 Nd4 15. Nxd4 exd4 16. Bxd4 Qa5+ 17. Rc3 Qxa2 18.
Bxg7 Kxg7 19. O-O Bf5 20. Qd4+ Kh7 21. Bf3 Rac8 22. h3 Rxc3 23. Qxc3 Qc2 24. Qb4 Rb8 25.
Qe7 Kg7 26. Qe5+ Kh7 27. Qxb8 1-0

[Event "*** Titled Tuesday Blitz"]
[Site "Chess.com"]
[Date "2020.04.28"]
[Round "9"]
[White "FightingChess"]
[Black "Lunow"]
[Result "1/2-1/2"]
[WhiteElo "2361"]
[BlackElo "2221"]
[TimeControl "180+1"]
[EndTime "11:44:24 PDT"]
[Termination "Game drawn by repetition"]

1. e4 c5 2. c3 Nf6 3. e5 Nd5 4.
Nf3 e6 5. Bc4 d6 6. d4 cxd4 7.
cxd4 Be7 8. O-O O-O 9. Qe2 b6 10. Rd1 Bb7 11. b3 Nd7 12. Bb2 a6 13. Nbd2 b5 14. Bxd5 Bxd5 15. Ne4 dxe5 16. dxe5 Qc7 17. Rac1 Qb7 18. Nd6 Bxd6 19. exd6 Rac8 20. Ne5 Nxe5 21.
Qxe5 f6 22. Qg3 Rxc1 23. Rxc1 Rc8 24. Rxc8+ Qxc8 25. h4 e5 26. Qd3 Qc6 27. Ba3 g6 28. h5 Kf7 29. hxg6+ hxg6 30. Qh3 b4 31. Qh7+ Ke6 32. Qe7+ Kf5 33. d7 bxa3 34. d8=Q Qc1+ 35.
Kh2 Qf4+ 36. Kg1 Qc1+ 37. Kh2 Qh6+ 38. Kg1 Qc1+ 1/2-1/2